 Dungeon Crawl Stone Soup version 0.28.0-53-g5a82cb258f (webtiles) character file.

Game seed: 14382134420550443733

560 Zeld the Magician (level 7, 0/36 HPs)
             Began as a Deep Elf Fire Elementalist on May 22, 2022.
             Slain by a black bear (7 damage)
             ... on level 5 of the Dungeon.
             The game lasted 00:05:31 (4217 turns).

Zeld the Magician (Deep Elf Fire Elementalist)      Turns: 4217, Time: 00:05:32

Health: 0/36       AC:  2    Str:  5    XL:     7   Next: 9%
Magic:  7/26       EV: 13    Int: 22    God:
Gold:   95         SH:  0    Dex: 15    Spells: 4/17 levels left

rFire   . . .      SeeInvis .   (no weapon)
rCold   . . .      Faith    .   (no shield)
rNeg    . . .      Spirit   .   a - +0 robe
rPois   .          Reflect  .   (no helmet)
rElec   .          Harm     .   (no cloak)
rCorr   .          Rampage  .   (no gloves)
Will    .....                   (no boots)
Stlth   ++........              (no amulet)
HPRegen 0.12/turn               r - ring of magical power
MPRegen 0.20/turn               (no ring)

@: no status effects
A: no striking features
a: no special abilities


You were on level 5 of the Dungeon.
You visited 1 branch of the dungeon, and saw 5 of its levels.

You collected 117 gold pieces.
You spent 22 gold pieces at shops.

Inventory:

Armour
 a - a +0 robe (worn)
Jewellery
 r - a ring of magical power (left hand)
Scrolls
 b - a scroll of teleportation {unknown}
 d - a scroll of magic mapping {unknown}
 e - 3 scrolls of fog {unknown}
 g - a scroll of enchant armour {unknown}
 i - 2 scrolls of noise {unknown}
 k - a scroll of amnesia {unknown}
 l - a scroll of vulnerability {unknown}
 m - a scroll of immolation {unknown}
 n - a scroll of torment {unknown}
 q - a scroll of identify
 s - a scroll of enchant weapon {unknown}
Potions
 c - a potion of mutation {unknown}
 f - a potion of lignification {unknown}
 h - a potion of heal wounds {unknown}
 j - 2 potions of flight {unknown}
 o - a potion of magic {unknown}
 p - a potion of berserk rage {unknown}


   Skills:
 + Level 4.0 Dodging
 - Level 2.4 Stealth
 * Level 5.8 Spellcasting
 + Level 3.0 Conjurations
 + Level 2.7 Hexes
 + Level 2.0 Transmutations
 * Level 5.2 Fire Magic
 + Level 1.8 Poison Magic


You had 4 spell levels left.
You knew the following spells:

 Your Spells              Type           Power      Damage    Failure   Level
a - Foxfire               Conj/Fire      96%        2x1d8     1%          1
b - Scorch                Fire           58%        2d8       1%          2
c - Inner Flame           Hex/Fire       23%        N/A       5%          3
d - Ignite Poison         Fire/Tmut/Pois 19%        N/A       9%          3
e - Sticky Flame          Conj/Fire      24%        2d5       17%         4

Your spell library contained the following spells:

 Spells                   Type           Power      Damage    Failure   Level
 Conjure Flame            Conj/Fire      24%        6-21      5%          3
 Static Discharge         Conj/Air       13%        N/A       8%          2
 Confusing Touch          Hex            18%        N/A       9%          3
 Flame Wave               Conj/Fire      24%        2d7       17%         4
 Dispel Undead            Necr           6%         3d8       67%         4
 Yara's Violent Unravell  Hex/Tmut       8%         3d5       67%         5
 Enfeeble                 Hex            9%         N/A       100%        7


Dungeon Overview and Level Annotations

Branches:
Dungeon (5/15)
 Temple: D:4-7

Altars:
Ashenzari
Hepliaklqana
Qazlal
Trog

Shops:
D:1 ::   D:4 *


Message History

s - a scroll labelled SUSOOSIXIO A black bear comes into view.
A sky beast comes into view.
Casting: Scorch (safe; 1% risk of failure)
Confirm with . or Enter, or press ? or * to list all spells.
Flames lash the black bear.
The black bear is moderately wounded.
The black bear's fire resistance burns away.
Casting: Scorch (safe; 1% risk of failure)
Confirm with . or Enter, or press ? or * to list all spells.
Flames lash the black bear.
The black bear is burned terribly!
The black bear is heavily wounded.
Casting: Scorch (safe; 1% risk of failure)
Confirm with . or Enter, or press ? or * to list all spells.
Flames lash the black bear.
The black bear is burned terribly!
The black bear is almost dead.
The black bear closely misses you. The black bear barely misses you.
The black bear claws you.
Casting: Scorch (safe; 1% risk of failure)
Confirm with . or Enter, or press ? or * to list all spells.
Flames lash the sky beast.
The sky beast is moderately wounded.
The sky beast's fire resistance burns away.
The black bear bites you. The black bear closely misses you.
The black bear claws you.
Casting: Scorch (safe; 1% risk of failure)
Confirm with . or Enter, or press ? or * to list all spells.
Flames lash the sky beast.
The sky beast is burned terribly!
The sky beast is moderately wounded.
The black bear bites you!
* * * LOW HITPOINT WARNING * * *
The black bear misses you. The black bear closely misses you.
Casting: Scorch (safe; 1% risk of failure)
Confirm with . or Enter, or press ? or * to list all spells.
Flames lash the sky beast.
The sky beast is burned terribly!
The sky beast is severely wounded.
The sky beast flickers out of sight!
Deactivating autopickup; reactivate with Ctrl-A.
The black bear bites you!
You die...

#.....#...........
###...##...........
#............#≈≈≈≈
#..#.........≈#
#..#.....<...≈#
#.......<....≈###≈.
#............≈≈≈≈≈.
##.........)......#
#.........@.{......
##.....#...h{......
#.................
#......#.$........
##.....##.........
##.#.............
###..##........
##.###.......


You could see a black bear (combustible).

Vanquished Creatures
  A black bear (D:4)
  An ogre (D:5)
  A phantom (D:4)
  A hound (D:4)
  A centaur skeleton (D:5)
  3 iguanas (D:4)
  2 orc wizards (D:4)
  7 adders
  A worm (D:4)
  2 dart slugs
  5 orcs
  6 ball pythons
  7 bats
  6 endoplasms
  4 giant cockroaches
  A goblin (D:1)
  4 hobgoblins
  3 quokkas
  3 frilled lizards
  2 kobolds
  6 rats
67 creatures vanquished.

Vanquished Creatures (others)
  79 foxfires
79 creatures vanquished.

Grand Total: 146 creatures vanquished

Notes
Turn   | Place    | Note
-------+----------+-------------------------------------------
     0 | D:1      | Zeld the Deep Elf Fire Elementalist began the quest for the
                  | Orb.
     0 | D:1      | Reached XP level 1. HP: 10/10 MP: 6/6
    35 | D:1      | Found Sulienk's Book Shoppe.
   570 | D:1      | Reached XP level 2. HP: 15/15 MP: 2/8
   830 | D:1      | Learned a level 2 spell: Scorch
  1136 | D:1      | Found Laeffave's Book Shop.
  1763 | D:2      | Found a faded altar of an unknown god.
  1876 | D:2      | Reached XP level 3. HP: 19/19 MP: 7/10
  1885 | D:2      | Learned a level 3 spell: Inner Flame
  2635 | D:3      | Reached XP level 4. HP: 24/24 MP: 4/12
  2774 | D:3      | Learned a level 3 spell: Ignite Poison
  2805 | D:3      | Found a hazy altar of Hepliaklqana.
  2876 | D:3      | Reached skill level 1 in Hexes
  3205 | D:3      | Found a bloodstained altar of Trog.
  3583 | D:4      | Reached XP level 5. HP: 15/28 MP: 6/13
  3661 | D:4      | Reached skill level 1 in Transmutations
  3666 | D:4      | Learned a level 4 spell: Sticky Flame
  3738 | D:4      | Noticed a phantom
  3743 | D:4      | Killed a phantom
  3744 | D:4      | Reached skill level 5 in Spellcasting
  3744 | D:4      | Reached skill level 1 in Poison Magic
  3744 | D:4      | Reached XP level 6. HP: 32/32 MP: 8/15
  3745 | D:4      | Found Gana's General Store.
  3748 | D:4      | Found a stormy altar of Qazlal.
  3751 | D:4      | Bought a scroll of identify for 22 gold pieces
  3989 | D:4      | Found a broken altar of Ashenzari.
  4044 | D:4      | Reached skill level 5 in Fire Magic
  4055 | D:5      | Entered Level 5 of the Dungeon
  4207 | D:5      | Reached XP level 7. HP: 21/36 MP: 16/17
  4217 | D:5      | Slain by a black bear

Illustrated notes

Levels and vault maps discovered:
D:1:      dpeg_arrival_renting, layout_loops_corners, serial_shops,
          nicolae_diamond_shop, nicolae_shop_statue_plus
D:2:      layout_loops_cross, shapermc_ecumenical_altar_notcrosses
D:3:      layout_basic, trog_butcher_becter, mainiacjoe_overflow_alcove_2
D:4:      layout_basic, kennysheep_little_box, grunt_qazlal_clouds,
          serial_shops, shop
D:5:      layout_cave_pools, serial_shops, kennysheep_mini_moat,
          gup_sewer_entry_pipe, nicolae_stop_n_shop_1,
          kennysheep_big_empty_room, kennysheep_generic_room_5

Skill      XL: |  1  2  3  4  5  6 |
---------------+-------------------+-----
Spellcasting   | 4 5 |  5.8
Dodging        | 3 4 |  4.0
Fire Magic     | 4 5 |  5.2
Conjurations   | 2 3 |  3.0
Hexes          | 1 2 |  2.7
Transmutations | 1 2 |  2.0
Poison Magic   | 1 |  1.8
Stealth        | |  2.4

Action                   |  1- 3 |  4- 6 |  7- 9 || total
-------------------------+-------+-------+-------++-------
Melee: Unarmed           |    10 |    11 |       ||    21
 Cast: Foxfire           |    51 |     5 |       ||    56
       Scorch            |    27 |    51 |     6 ||    84
Armor: Robe              |     2 |     6 |       ||     8
Dodge: Dodged            |    21 |    38 |     5 ||    64
